 Dungeon Crawl Stone Soup version 0.24-b1-44-g37ad8b309f (webtiles) character file.

Game seed: 15426613744777190914, levelgen mode: deterministic

35 Destructed3 the Magician (level 3, -3/28 HPs)
             Began as a Mummy Skald on Oct 24, 2019.
             Slain by a gnoll
             ... wielding a +0 spear
              (8 damage)
             ... on level 1 of the Dungeon.
             The game lasted 00:05:40 (1242 turns).

Destructed3 the Magician (Mummy Skald)              Turns: 1242, Time: 00:05:40

Health: -3/28      AC:  4    Str: 14    XL:     3   Next: 17%
Magic:  5/8        EV: 11    Int: 13    God:
Gold:   94         SH:  0    Dex: 11    Spells: 6/9 levels left

rFire    x . .     SeeInvis .   a - +1 spear
rCold    + . .     Gourm    .   (no shield)
rNeg     + + +     Faith    .   b - +0 leather armour
rPois    ∞         Spirit   .   c - +0 helmet
rElec    .         Reflect  .   (no cloak)
rCorr    .         Harm     .   (no gloves)
MR       .....                  (no boots)
Stlth    +.........             (no amulet)
HPRegen  0.09/turn              (no ring)
MPRegen  0.11/turn              (no ring)

@: infused
A: no food or potions, fire vulnerability, cold resistance 1, negative energy
resistance 3, torment resistance, unbreathing
a: no special abilities


You were on level 1 of the Dungeon.
You were not hungry.

You visited 1 branch of the dungeon, and saw 1 of its levels.

You collected 94 gold pieces.

Inventory:

Hand Weapons
 a - a +1 spear (weapon)
Missiles
 d - 5 boomerangs (quivered)
Armour
 b - a +0 leather armour (worn)
 c - a +0 helmet (worn)
Jewellery
 e - an uncursed amulet of faith
Scrolls
 h - a scroll of identify


   Skills:
 + Level 2.6 Fighting
 - Level 2.0 Polearms
 + Level 0.7 Armour
 - Level 1.5 Dodging
 + Level 3.7 Spellcasting
 - Level 2.4 Charms


You had 6 spell levels left.
You knew the following spells:

 Your Spells              Type           Power        Failure   Level  Hunger
a - Infusion              Chrm           #...         10%         1    N/A
b - Song of Slaying       Chrm           #.......     16%         2    N/A

Your spell library contained the following spells:

 Spells                   Type           Power        Failure   Level  Hunger
 Shroud of Golubria       Chrm/Tloc      #.....       26%         2    N/A
 Spectral Weapon          Hex/Chrm       #.......     45%         3    N/A
 Regeneration             Chrm/Necr      Unusable     N/A         3    N/A

Dungeon Overview and Level Annotations

Branches:
Dungeon (1/15)

Altars:


Innate Abilities, Weirdness & Mutations

You do not eat or drink.
Your flesh is vulnerable to fire.
You are immune to poison.
Your flesh is cold resistant. (rC+)
You are immune to negative energy. (rN+++)
You are immune to unholy pain and torment.
You can survive without breathing.


Message History

You are too injured to fight recklessly!
You are too injured to fight recklessly!
You are too injured to fight recklessly!
You are too injured to fight recklessly!
You are too injured to fight recklessly!
The gnoll hits you with a +0 spear.
* * * LOW HITPOINT WARNING * * *
You closely miss the gnoll.
The gnoll is moderately wounded.
The gnoll closely misses you.
You barely miss the gnoll.
The gnoll is moderately wounded.
The gnoll hits you but does no damage.
You barely miss the gnoll.
The gnoll is moderately wounded.
The rat bites you but does no damage. The gnoll misses you.
The gnoll hits you but does no damage. The rat bites you but does no damage.
The gnoll hits you from afar with a +0 spear!
You die...

.#.### .#.#
.#.###############
.#...#...........#
.###.#.....#####.#
...#.#..##.#.....#
.#.#.#..##.#.##..##
.........#.# #†..#
.(.#.#.###.# ##@.#
...........# #.r#
.............# #.g#
...#.#.####### #..#
####.### ...#
.....# ###.#
########## ...
..#......##########
#.#.####.#.....#


You could see a gnoll and a rat.

Vanquished Creatures
  A dart slug (D:1)
  A leopard gecko (D:1)
  3 bats (D:1)
  5 giant cockroaches (D:1)
  8 goblins (D:1)
  2 jackals (D:1)
  2 kobolds (D:1)
  A frilled lizard (D:1)
  5 rats (D:1)
28 creatures vanquished.

Notes
Turn   | Place    | Note
-------+----------+-------------------------------------------
     0 | D:1      | Destructed3 the Mummy Skald began the quest for the Orb.
     0 | D:1      | Reached XP level 1. HP: 16/16 MP: 4/4
   127 | D:1      | Reached skill level 3 in Spellcasting
   138 | D:1      | Reached XP level 2. HP: 22/22 MP: 0/6
   824 | D:1      | Reached XP level 3. HP: 28/28 MP: 5/8
   855 | D:1      | Learned a level 2 spell: Song of Slaying
  1242 | D:1      | Slain by a gnoll

Skill      XL: |  1  2  3 |
---------------+----------+-----
Spellcasting   | 3 |  3.7
Polearms       | 2 |  2.0
Fighting       | |  2.6
Armour         | |  0.7
Dodging        | |  1.5
Charms         | |  2.4

Action                   || total
-------------------------++-------
Melee: Spear             ||    92
 Cast: Infusion          ||    10
  Use: Scroll            ||     3
Armor: Leather armour    ||    17
Dodge: Dodged            ||    31
